 Dungeon Crawl Stone Soup version 0.29.1-2-gbd0b4ee654 (webtiles) character file.

Game seed: 8571634150345153352

66 jamestheduck25 the Ducker (level 3, -4/17 HPs)
             Began as a Felid Berserker on Nov 16, 2022.
             Was a Believer of Trog.
             Slain by Crazy Yiuf
             ... wielding a +4 quarterstaff of chaos
              (10 damage)
             ... on level 2 of the Dungeon.
             The game lasted 00:02:21 (2668 turns).

jamestheduck25 the Ducker (Felid Berserker)         Turns: 2668, Time: 00:02:22

Health: -4/17      AC:  1    Str: 15    XL:     3   Next: 96%
Magic:  13/13      EV: 19    Int:  8    God:    Trog [**....]
Gold:   18         SH:  0    Dex: 15    Spells: 2/2 levels left
                                        Lives:  0   Deaths: 0

rFire   . . .      SeeInvis +     - Unarmed
rCold   . . .      Faith    .   (shield unavailable)
rNeg    . . .      Spirit   .   (body armour unavailable)
rPois   .          Reflect  .   (helmet unavailable)
rElec   .          Harm     .   (cloak unavailable)
rCorr   .          Rampage  .   (gloves unavailable)
Will    .....                   (boots unavailable)
Stlth   ++........              (no amulet)
HPRegen 0.05/turn               d - ring of magical power
MPRegen 0.13/turn               (no ring)

@: lethally poisoned (-4 -> -14), quick
A: very small, claws 1, fangs 3, see invisible, speed 1, shaggy fur 1, stealthy
paws, no weapons or thrown items, no armour, multi-lived
a: Renounce Religion, Berserk, Trog's Hand


You were on level 2 of the Dungeon.
You worshipped Trog.
Trog was pleased with you.
You visited 1 branch of the dungeon, and saw 2 of its levels.

You collected 18 gold pieces.

Inventory:

Jewellery
 d - a ring of magical power (left paw)
Scrolls
 f - a scroll of fear {unknown}
 h - a scroll of teleportation {unknown}
 i - a scroll of enchant weapon {unknown}
 j - a scroll of brand weapon {unknown}
Potions
 a - 2 potions of curing {unknown}
 b - a potion of lignification {unknown}
 c - a potion of brilliance {unknown}
 e - a potion of haste {unknown}
 g - 2 potions of might {unknown}


   Skills:
 + Level 3.5 Fighting
 + Level 4.8 Dodging
 + Level 0.8 Stealth
 + Level 3.9 Unarmed Combat


You had 2 spell levels left.
You didn't know any spells.
Your spell library was empty.

Dungeon Overview and Level Annotations

Branches:
Dungeon (2/15)

Altars:

Annotations:
D:2 Crazy Yiuf


Innate Abilities, Weirdness & Mutations

You have sharp claws.
You have razor-sharp teeth.
You have supernaturally acute eyesight. (SInv)
You cover ground quickly. (Speed+)
You are covered in fur. (AC +1)
Your paws help you pounce on unaware monsters.
You are incapable of wielding weapons or throwing items.
You cannot wear armour.
You gain extra lives every three experience levels.


Message History

You see here a +0 club.
Key pressed, stopping explore.
No target in view!
There is a stone staircase leading up here.
Crazy Yiuf shouts!
No reachable target in view!
Could not explore, unopened runed door.
No reachable target in view!
Could not explore, unopened runed door.
No reachable target in view!
Could not explore, unopened runed door.
No reachable target in view!
Could not explore, unopened runed door.
No reachable target in view!
Could not explore, unopened runed door.
No reachable target in view!
Could not explore, unopened runed door.
No reachable target in view!
Could not explore, unopened runed door.
No reachable target in view!
Could not explore, unopened runed door.
No reachable target in view!
Could not explore, unopened runed door.
You open the door.
There is an open translucent door here.
You claw Crazy Yiuf!
Crazy Yiuf is heavily wounded.
Crazy Yiuf says, "Proton disdain arga!"
Crazy Yiuf hits you with a +4 quarterstaff of chaos.
You are lethally poisoned!
You scratch Crazy Yiuf.
Crazy Yiuf is almost dead.
You feel very sick. Crazy Yiuf completely misses you.
You closely miss Crazy Yiuf.
Crazy Yiuf is almost dead.
You feel sick.
Crazy Yiuf hits you with a +4 quarterstaff of chaos!
Ouch! That really hurt!
You die...

#.# ##..## #.#
♣.PP.♣ #.# ♣...♣♣
#.# ♣♣.♣♣ #.#
♣.♣♣ #.# ♣♣.♣ #.#
♣.♣♣ #.# ♣♣.♣ #.#
#@# ###### #.#
#.g.# .....# #.#
#...# ### .....#
#.# #..)# #.#
.....#####.#
##### #.#
..........<# ##.#
.....####..######
#..# .....#
#........# #..#
..#..# #.#......#
###.>#


You could see Crazy Yiuf.

Vanquished Creatures
  An adder (D:2)
  2 worms (D:2)
  5 bats
  3 endoplasms
  2 giant cockroaches (D:2)
  6 goblins
  5 hobgoblins
  2 jackals (D:2)
  4 kobolds
  6 quokkas
  6 ball pythons
  A frilled lizard (D:2)
43 creatures vanquished.

Notes
Turn   | Place    | Note
-------+----------+-------------------------------------------
     0 | D:1      | jamestheduck25 the Felid Berserker began the quest for the
                  | Orb.
     0 | D:1      | Reached XP level 1. HP: 10/10 MP: 2/2
   743 | D:1      | Reached XP level 2. HP: 14/14 MP: 3/3
   745 | D:1      | Reached * piety under Trog
  1286 | D:1      | Found a faded altar of an unknown god.
  1625 | D:2      | Reached XP level 3. HP: 16/17 MP: 4/4
  1851 | D:2      | Reached ** piety under Trog
  2043 | D:2      | Found a runed translucent door.
  2044 | D:2      | Noticed Crazy Yiuf
  2668 | D:2      | Slain by Crazy Yiuf

Illustrated notes

Levels and vault maps discovered:
D:1:      onia_arrival_pentagram, layout_basic, basic_ecumenical_altar
D:2:      layout_rooms, hex_large, uniq_crazy_yiuf_cottage

Action                   || total
-------------------------++-------
Melee: Unarmed           ||   121
       Bite              ||     7
       Punch             ||     2
Invok: Berserk           ||     1
 Stab: Sleeping          ||     3
Armor: Skin              ||     5
Dodge: Dodged            ||   114
